Workbook
Name Empresa_fornec: [1]FORNECEDORES!$A$4:$A$668
Name Fornecedores: [1]FORNECEDORES!$A$4:$D$668
Name ITENS: [2]PUC!$B$9:$E$560
Name ITENS: [3]PUC!$B$9:$E$560
Name PASCIM: 'I - SERVIÇOS INICIAIS'!#REF!
Name PASCIM: 'II - REDE COLETORA'!$B$57

Sheet CRONOGRAMA
A1: CRONOGRAMA FÍSICO - FINANCEIRO
A3: MUNICÍPIO: MOSTARDAS | J3: OBRA | K3: IMPLANTAÇÃO DE SISTEMA DE ESGOTO SANITÁRIO | S3: PRAZO PREVISTO | W3: 12
A5: ITEM | B5: DESCRIÇÃO DOS SERVIÇOS | C5: PERÍODO DE EXECUÇÃO ( MESES )
C6: TOTAL | D6: 1 | E6: 2 | F6: 3 | G6: 4 | H6: 5 | I6: 6 | J6: 7 | K6: 8 | L6: 9 | M6: 10 | N6: 11 | O6: 12 | P6: 13 | Q6: 14 | R6: 15 | S6: 16 | T6: 17 | U6: 18 | V6: 19 | W6: =IF(V6<$W$3,V6+1,"-") -> - | X6: =IF(W6<$W$3,W6+1,"-") -> - | Y6: =IF(X6<$W$3,X6+1,"-") -> - | Z6: =IF(Y6<$W$3,Y6+1,"-") -> - | AA6: =IF(Z6<$W$3,Z6+1,"-") -> - | AB6: =IF(AA6<$W$3,AA6+1,"-") -> -
B8: TOTAL ORÇAMENTO | C8: =C10+C12 -> 3042058.3 | D8: =D10+D12 -> 0 | E8: =E10+E12 -> 0 | F8: =F10+F12 -> 0 | G8: =G10+G12 -> 0 | H8: =H10+H12 -> 0 | I8: =I10+I12 -> 0 | J8: =J10+J12 -> 322450.35 | ... V8: =V10+V12 -> 0 | W8: =W10+#REF!+#REF!+#REF!+#REF!+#REF!+#REF!+#REF!+#REF! -> #REF! | X8: =X10+#REF!+#REF!+#REF!+#REF!+#REF!+#REF!+#REF!+#REF! -> #REF! | Y8: =Y10+#REF!+#REF!+#REF!+#REF!+#REF!+#REF!+#REF!+#REF! -> #REF! | Z8: =Z10+#REF!+#REF!+#REF!+#REF!+#REF!+#REF!+#REF!+#REF! -> #REF! | AA8: =AA10+#REF!+#REF!+#REF!+#REF!+#REF!+#REF!+#REF!+#REF! -> #REF! | AB8: =AB10+#REF!+#REF!+#REF!+#REF!+#REF!+#REF!+#REF!+#REF! -> #REF!
A10: ='I - SERVIÇOS INICIAIS'!A6 -> I | B10: ='I - SERVIÇOS INICIAIS'!B6 -> SERVIÇOS INICIAIS - INSTALAÇÃO DA OBRA | C10: ='I - SERVIÇOS INICIAIS'!I6 -> 180979.05 | D10: =SUM(D11:D11) -> 0 | E10: =SUM(E11:E11) -> 0 | F10: =SUM(F11:F11) -> 0 | G10: =SUM(G11:G11) -> 0 | H10: =SUM(H11:H11) -> 0 | I10: =SUM(I11:I11) -> 0 | J10: =SUM(J11:J11) -> 84027.084 | K10: =SUM(K11:K11) -> 8813.8154 | ... AB10: =SUM(AB11:AB11) -> 9615.0713
A11: ='I - SERVIÇOS INICIAIS'!A7 -> I.1 | B11: ='I - SERVIÇOS INICIAIS'!B7 -> INSTALAÇÃO DA OBRA | C11: ='I - SERVIÇOS INICIAIS'!I7 -> 180979.05 | J11: =SUM('I - SERVIÇOS INICIAIS'!I8:I18)+'I - SERVIÇOS INICIAIS'!I19/12 -> 84027.084 | K11: ='I - SERVIÇOS INICIAIS'!$I19/12 -> 8813.8154 | L11: ='I - SERVIÇOS INICIAIS'!$I19/12 -> 8813.8154 | M11: ='I - SERVIÇOS INICIAIS'!$I19/12 -> 8813.8154 | N11: ='I - SERVIÇOS INICIAIS'!$I19/12 -> 8813.8154 | O11: ='I - SERVIÇOS INICIAIS'!$I19/12 -> 8813.8154 | P11: ='I - SERVIÇOS INICIAIS'!$I19/12 -> 8813.8154 | Q11: ='I - SERVIÇOS INICIAIS'!$I19/12 -> 8813.8154 | R11: ='I - SERVIÇOS INICIAIS'!$I19/12 -> 8813.8154 | ... U11: ='I - SERVIÇOS INICIAIS'!$I19/12 -> 8813.8154 | W11: ='I - SERVIÇOS INICIAIS'!$I19/11 -> 9615.0713 | X11: ='I - SERVIÇOS INICIAIS'!$I19/11 -> 9615.0713 | Y11: ='I - SERVIÇOS INICIAIS'!$I19/11 -> 9615.0713 | Z11: ='I - SERVIÇOS INICIAIS'!$I19/11 -> 9615.0713 | AA11: ='I - SERVIÇOS INICIAIS'!$I19/11 -> 9615.0713 | AB11: ='I - SERVIÇOS INICIAIS'!$I19/11 -> 9615.0713
A12: ='II - REDE COLETORA'!A6 -> II | B12: ='II - REDE COLETORA'!B6 -> REDE COLETORA DE ESGOTO | C12: ='II - REDE COLETORA'!I6 -> 2861079.2 | D12: =SUM(D13:D25) -> 0 | E12: =SUM(E13:E25) -> 0 | F12: =SUM(F13:F25) -> 0 | G12: =SUM(G13:G25) -> 0 | H12: =SUM(H13:H25) -> 0 | I12: =SUM(I13:I25) -> 0 | J12: =SUM(J13:J25) -> 238423.27 | K12: =SUM(K13:K25) -> 238423.27 | ... V12: =SUM(V13:V25) -> 0
A13: ='II - REDE COLETORA'!A7 -> II.1 | B13: ='II - REDE COLETORA'!B7 -> SERVIÇOS TÉCNICOS | C13: ='II - REDE COLETORA'!I7 -> 19295.051 | J13: =$C13/12 -> 1607.9209 | K13: =$C13/12 -> 1607.9209 | L13: =$C13/12 -> 1607.9209 | M13: =$C13/12 -> 1607.9209 | N13: =$C13/12 -> 1607.9209 | O13: =$C13/12 -> 1607.9209 | P13: =$C13/12 -> 1607.9209 | Q13: =$C13/12 -> 1607.9209 | ... U13: =$C13/12 -> 1607.9209
A14: ='II - REDE COLETORA'!$A$10 -> II.2 | B14: ='II - REDE COLETORA'!B$10 -> SERVIÇOS PRELIMINARES | C14: ='II - REDE COLETORA'!I$10 -> 18722.381 | J14: =$C14/12 -> 1560.1984 | K14: =$C14/12 -> 1560.1984 | L14: =$C14/12 -> 1560.1984 | M14: =$C14/12 -> 1560.1984 | N14: =$C14/12 -> 1560.1984 | O14: =$C14/12 -> 1560.1984 | P14: =$C14/12 -> 1560.1984 | Q14: =$C14/12 -> 1560.1984 | ... U14: =$C14/12 -> 1560.1984
A15: ='II - REDE COLETORA'!$A$14 -> II.3 | B15: ='II - REDE COLETORA'!B$14 -> ESCAVAÇÃO DE SOLOS | C15: ='II - REDE COLETORA'!I$14 -> 90925.554 | J15: =$C15/12 -> 7577.1295 | K15: =$C15/12 -> 7577.1295 | L15: =$C15/12 -> 7577.1295 | M15: =$C15/12 -> 7577.1295 | N15: =$C15/12 -> 7577.1295 | O15: =$C15/12 -> 7577.1295 | P15: =$C15/12 -> 7577.1295 | Q15: =$C15/12 -> 7577.1295 | ... U15: =$C15/12 -> 7577.1295
A16: ='II - REDE COLETORA'!$A$17 -> II.4 | B16: ='II - REDE COLETORA'!B$17 -> ATERRO E REATERRO | C16: ='II - REDE COLETORA'!I$17 -> 273769.05 | J16: =$C16/12 -> 22814.087 | K16: =$C16/12 -> 22814.087 | L16: =$C16/12 -> 22814.087 | M16: =$C16/12 -> 22814.087 | N16: =$C16/12 -> 22814.087 | O16: =$C16/12 -> 22814.087 | P16: =$C16/12 -> 22814.087 | Q16: =$C16/12 -> 22814.087 | ... U16: =$C16/12 -> 22814.087
A17: ='II - REDE COLETORA'!$A$21 -> II.5 | B17: ='II - REDE COLETORA'!B$21 -> ESCORAMENTO | C17: ='II - REDE COLETORA'!I$21 -> 843266.67 | J17: =$C17/12 -> 70272.223 | K17: =$C17/12 -> 70272.223 | L17: =$C17/12 -> 70272.223 | M17: =$C17/12 -> 70272.223 | N17: =$C17/12 -> 70272.223 | O17: =$C17/12 -> 70272.223 | P17: =$C17/12 -> 70272.223 | Q17: =$C17/12 -> 70272.223 | ... U17: =$C17/12 -> 70272.223
A18: ='II - REDE COLETORA'!$A$23 -> II.6 | B18: ='II - REDE COLETORA'!B$23 -> ESGOTAMENTO DE VALAS | C18: ='II - REDE COLETORA'!I$23 -> 6582.5682 | J18: =$C18/12 -> 548.54735 | K18: =$C18/12 -> 548.54735 | L18: =$C18/12 -> 548.54735 | M18: =$C18/12 -> 548.54735 | N18: =$C18/12 -> 548.54735 | O18: =$C18/12 -> 548.54735 | P18: =$C18/12 -> 548.54735 | Q18: =$C18/12 -> 548.54735 | ... U18: =$C18/12 -> 548.54735
A19: ='II - REDE COLETORA'!$A$25 -> II.7 | B19: ='II - REDE COLETORA'!B$25 -> FUNDAÇÃO E ESTRUTURA | C19: ='II - REDE COLETORA'!I$25 -> 13597.644 | J19: =$C19/12 -> 1133.137 | K19: =$C19/12 -> 1133.137 | L19: =$C19/12 -> 1133.137 | M19: =$C19/12 -> 1133.137 | N19: =$C19/12 -> 1133.137 | O19: =$C19/12 -> 1133.137 | P19: =$C19/12 -> 1133.137 | Q19: =$C19/12 -> 1133.137 | ... U19: =$C19/12 -> 1133.137
A20: ='II - REDE COLETORA'!$A$31 -> II.8 | B20: ='II - REDE COLETORA'!B$31 -> POÇOS DE VISITA | C20: ='II - REDE COLETORA'!I$31 -> 131195.28 | J20: =$C20/12 -> 10932.94 | K20: =$C20/12 -> 10932.94 | L20: =$C20/12 -> 10932.94 | M20: =$C20/12 -> 10932.94 | N20: =$C20/12 -> 10932.94 | O20: =$C20/12 -> 10932.94 | P20: =$C20/12 -> 10932.94 | Q20: =$C20/12 -> 10932.94 | ... U20: =$C20/12 -> 10932.94
A21: ='II - REDE COLETORA'!$A$47 -> II.9 | B21: ='II - REDE COLETORA'!B$47 -> ASSENTAMENTO DA REDE COLETORA | C21: ='II - REDE COLETORA'!I$47 -> 231473.62 | J21: =$C21/12 -> 19289.468 | K21: =$C21/12 -> 19289.468 | L21: =$C21/12 -> 19289.468 | M21: =$C21/12 -> 19289.468 | N21: =$C21/12 -> 19289.468 | O21: =$C21/12 -> 19289.468 | P21: =$C21/12 -> 19289.468 | Q21: =$C21/12 -> 19289.468 | ... U21: =$C21/12 -> 19289.468
A22: ='II - REDE COLETORA'!$A$49 -> II.10 | B22: ='II - REDE COLETORA'!B$49 -> REMOÇÃO DE PAVIMENTAÇÃO | C22: ='II - REDE COLETORA'!I$49 -> 47234.784 | J22: =$C22/12 -> 3936.232 | K22: =$C22/12 -> 3936.232 | L22: =$C22/12 -> 3936.232 | M22: =$C22/12 -> 3936.232 | N22: =$C22/12 -> 3936.232 | O22: =$C22/12 -> 3936.232 | P22: =$C22/12 -> 3936.232 | Q22: =$C22/12 -> 3936.232 | ... U22: =$C22/12 -> 3936.232
A23: ='II - REDE COLETORA'!$A$54 -> II.11 | B23: ='II - REDE COLETORA'!B$54 -> RECOMPOSIÇÃO DE PAVIMENTOS | C23: ='II - REDE COLETORA'!I$54 -> 264688.84 | J23: =$C23/12 -> 22057.404 | K23: =$C23/12 -> 22057.404 | L23: =$C23/12 -> 22057.404 | M23: =$C23/12 -> 22057.404 | N23: =$C23/12 -> 22057.404 | O23: =$C23/12 -> 22057.404 | P23: =$C23/12 -> 22057.404 | Q23: =$C23/12 -> 22057.404 | ... U23: =$C23/12 -> 22057.404
A24: ='II - REDE COLETORA'!$A$64 -> II.12 | B24: ='II - REDE COLETORA'!B$64 -> MONTAGEM DE LIGAÇÕES PREDIAIS | C24: ='II - REDE COLETORA'!I$64 -> 614920.31 | J24: =$C24/12 -> 51243.359 | K24: =$C24/12 -> 51243.359 | L24: =$C24/12 -> 51243.359 | M24: =$C24/12 -> 51243.359 | N24: =$C24/12 -> 51243.359 | O24: =$C24/12 -> 51243.359 | P24: =$C24/12 -> 51243.359 | Q24: =$C24/12 -> 51243.359 | ... U24: =$C24/12 -> 51243.359
A25: ='II - REDE COLETORA'!$A$66 -> II.13 | B25: ='II - REDE COLETORA'!B$66 -> MONTAGEM LIGAÇÕES INTRADOMICILIARES | C25: ='II - REDE COLETORA'!I$66 -> 305407.49 | J25: =$C25/12 -> 25450.624 | K25: =$C25/12 -> 25450.624 | L25: =$C25/12 -> 25450.624 | M25: =$C25/12 -> 25450.624 | N25: =$C25/12 -> 25450.624 | O25: =$C25/12 -> 25450.624 | P25: =$C25/12 -> 25450.624 | Q25: =$C25/12 -> 25450.624 | ... U25: =$C25/12 -> 25450.624

Sheet FORNECEDORES
A1: CATÁLAGO DE PREÇOS COTADOS
A2: MUNICÍPIO | D2: MOSTARDAS
A3: OBRA
A4: ITEM | C4: MATERIAL / SERVIÇO | D4: EMPRESA | E4: CNPJ | F4: Telefone | G4: Contato | H4: DATA | I4: PREÇO COTADO | J4: PREÇO VÁLIDO | K4: PREÇO MÍNIMO | L4: MÉDIA | M4: NÚMERO NO ORÇAMENTO
A5: 1 | B5: 5 | C5: Válvula de Retenção FoFO flangeada, portinhola única ANSI 125 DN 100 mm | D5: SF SANEAMENTO | E5: =VLOOKUP(D5,Fornecedores,2,0) -> 03.123.885/0001-04 | F5: =VLOOKUP(D5,Fornecedores,3,0) -> (19) 3604-7323 | G5: =VLOOKUP(D5,Fornecedores,4,0) -> Fillip Otavio | H5: 41857 | I5: 828.22 | J5: =I5 -> 828.22 | K5: =MINA(J5:J7) -> 700 | L5: =AVERAGE(J5:J7) -> 884.40667 | M5: 56
D6: LINDNER TECHNO SYSTEMS | E6: =VLOOKUP(D6,Fornecedores,2,0) -> 03.852.406/0001-90 | F6: =VLOOKUP(D6,Fornecedores,3,0) -> (49) 3551-9221 e (49) 3522-0211 | G6: =VLOOKUP(D6,Fornecedores,4,0) -> Chaline Sadowski | H6: 41857 | I6: 1125 | J6: =I6 -> 1125 | M6: 36
D7: EAUX | E7: =VLOOKUP(D7,Fornecedores,2,0) -> 11.213.835/0001-46 | F7: (51)8152-9102 | G7: Marcelo | H7: 41859 | I7: 700 | J7: =I7 -> 700 | M7: 24
A8: 2 | B8: R | C8: Válvula de Retenção FoFO flangeada, portinhola única ANSI 125 DN 50 mm | D8: =D5 -> SF SANEAMENTO | E8: =VLOOKUP(D8,Fornecedores,2,0) -> 03.123.885/0001-04 | F8: (19)3604-7323 | G8: =VLOOKUP(D8,Fornecedores,4,0) -> Fillip Otavio | H8: =H5 -> 41857 | I8: 602.89 | J8: =I8 -> 602.89 | K8: =MINA(J8:J10) -> 425 | L8: =AVERAGE(J8:J10) -> 484.29667 | M8: 56
D9: CONEXO | E9: 00.662.084/0001-29 | F9: (19) 3223-6070 | G9: Guilherme | H9: 41922 | I9: 425 | J9: =I9 -> 425 | M9: 17
D10: NM REPRESENTAÇÕES | E10: - | F10: (51) 3085-5705 | G10: Almeida | H10: 41922 | I10: 425 | J10: =I10 -> 425 | M10: 44
A11: 3 | B11: U | C11: Cesto Içável 40x30 cm CF projeto (Retentor de sólidos, contramontantes e acessórios de fixação) | D11: LINDNER TECHNO SYSTEMS | E11: =VLOOKUP(D11,Fornecedores,2,0) -> 03.852.406/0001-90 | F11: =VLOOKUP(D11,Fornecedores,3,0) -> (49) 3551-9221 e (49) 3522-0211 | G11: =VLOOKUP(D11,Fornecedores,4,0) -> Chaline Sadowski | H11: 41857 | I11: 36000 | J11: 36000 | K11: =MINA(J11:J13) -> 8480 | L11: =AVERAGE(J11:J13) -> 18076.667 | M11: 35
D12: EAUX | E12: =VLOOKUP(D12,Fornecedores,2,0) -> 11.213.835/0001-46 | F12: =VLOOKUP(D12,Fornecedores,3,0) -> (51) 8152-9102 | G12: Marcelo | H12: 41858 | I12: 9750 | J12: =I12 -> 9750 | M12: 24
D13: BOMBAS BETO | E13: =VLOOKUP(D13,Fornecedores,2,0) -> 93.072.122/0002-55 | F13: =VLOOKUP(D13,Fornecedores,3,0) -> (51) 3587-5200 | G13: =VLOOKUP(D13,Fornecedores,4,[1]FORNECEDORES!D220) -> #REF! | H13: 41865 | I13: 8480 | J13: =I13 -> 8480 | M13: 4
A14: 17 | B14: U | C14: Calha Parshall para medição Q= 9 l/s, 3", W=7,6 cm | D14: =D11 -> LINDNER TECHNO SYSTEMS | E14: =VLOOKUP(D14,Fornecedores,2,0) -> 03.852.406/0001-90 | F14: =VLOOKUP(D14,Fornecedores,3,0) -> (49) 3551-9221 e (49) 3522-0211 | G14: =VLOOKUP(D14,Fornecedores,4,0) -> Chaline Sadowski | H14: =H11 -> 41857 | I14: 1500 | J14: =I14 -> 1500 | K14: =MINA(J14:J16) -> 1040 | L14: =AVERAGE(J14:J16) -> 1463.3333 | M14: 35
D15: EAUX | E15: =VLOOKUP(D15,Fornecedores,2,0) -> 11.213.835/0001-46 | F15: =VLOOKUP(D15,Fornecedores,3,0) -> (51) 8152-9102 | G15: Marcelo | H15: 41858 | I15: 1850 | J15: =I15 -> 1850 | M15: 24
D16: BOMBAS BETO | E16: =VLOOKUP(D16,Fornecedores,2,0) -> 93.072.122/0002-55 | F16: =VLOOKUP(D16,Fornecedores,3,0) -> (51) 3587-5200 | G16: =VLOOKUP(D16,Fornecedores,4,0) -> Paulo Roberto Jacobsen | H16: 41865 | I16: 1040 | J16: =I16 -> 1040 | M16: 6
A17: 18 | B17: 2.5 | C17: Grade manual (0,2x0,5m) | D17: LINDNER TECHNO SYSTEMS | E17: =VLOOKUP(D17,Fornecedores,2,0) -> 03.852.406/0001-90 | F17: =VLOOKUP(D17,Fornecedores,3,0) -> (49) 3551-9221 e (49) 3522-0211 | G17: =VLOOKUP(D17,Fornecedores,4,0) -> Chaline Sadowski | H17: 41857 | I17: 250 | J17: =I17 -> 250 | K17: =MINA(J17:J19) -> 250 | L17: =AVERAGE(J17:J19) -> 1333.3333 | M17: 35
D18: EAUX | E18: =VLOOKUP(D18,Fornecedores,2,0) -> 11.213.835/0001-46 | F18: =VLOOKUP(D18,Fornecedores,3,0) -> (51) 8152-9102 | G18: Marcelo | H18: 41858 | I18: 1900 | J18: =I18 -> 1900 | M18: 24
D19: BOMBAS BETO | E19: =VLOOKUP(D19,Fornecedores,2,0) -> 93.072.122/0002-55 | F19: =VLOOKUP(D19,Fornecedores,3,0) -> (51) 3587-5200 | G19: =VLOOKUP(D19,Fornecedores,4,0) -> Paulo Roberto Jacobsen | H19: 41865 | I19: 1850 | J19: =I19 -> 1850 | M19: 5
A20: 19 | B20: 5 | C20: Grade manual (0,25x0,5m) | D20: =D17 -> LINDNER TECHNO SYSTEMS | E20: =VLOOKUP(D20,Fornecedores,2,0) -> 03.852.406/0001-90 | F20: =VLOOKUP(D20,Fornecedores,3,0) -> (49) 3551-9221 e (49) 3522-0211 | G20: =VLOOKUP(D20,Fornecedores,4,0) -> Chaline Sadowski | H20: =H17 -> 41857 | I20: 850 | J20: =I20 -> 850 | K20: =MINA(J20:J22) -> 850 | L20: =AVERAGE(J20:J22) -> 1656.6667 | M20: 35
D21: EAUX | E21: =VLOOKUP(D21,Fornecedores,2,0) -> 11.213.835/0001-46 | F21: =VLOOKUP(D21,Fornecedores,3,0) -> (51) 8152-9102 | G21: Marcelo | H21: 41858 | I21: 2000 | J21: =I21 -> 2000 | M21: 24
D22: BOMBAS BETO | E22: =VLOOKUP(D22,Fornecedores,2,0) -> 93.072.122/0002-55 | F22: =VLOOKUP(D22,Fornecedores,3,0) -> (51) 3587-5200 | G22: =VLOOKUP(D22,Fornecedores,4,0) -> Paulo Roberto Jacobsen | H22: 41865 | I22: 2120 | J22: =I22 -> 2120 | M22: 5
A23: 20 | B23: U | C23: Calha para Coleta de Escuma 30x20cm | D23: =D20 -> LINDNER TECHNO SYSTEMS | E23: =VLOOKUP(D23,Fornecedores,2,0) -> 03.852.406/0001-90 | F23: =VLOOKUP(D23,Fornecedores,3,0) -> (49) 3551-9221 e (49) 3522-0211 | G23: =VLOOKUP(D23,Fornecedores,4,0) -> Chaline Sadowski | H23: =H20 -> 41857 | I23: 350 | J23: =I23 -> 350 | K23: =MINA(J23:J25) -> 350 | L23: =AVERAGE(J23:J25) -> 510 | M23: 35
D24: EAUX | E24: =VLOOKUP(D24,Fornecedores,2,0) -> 11.213.835/0001-46 | F24: =VLOOKUP(D24,Fornecedores,3,0) -> (51) 8152-9102 | G24: Marcelo | H24: 41858 | I24: 730 | J24: =I24 -> 730 | M24: 24
D25: BOMBAS BETO | E25: =VLOOKUP(D25,Fornecedores,2,0) -> 93.072.122/0002-55 | F25: =VLOOKUP(D25,Fornecedores,3,0) -> (51) 3587-5200 | G25: =VLOOKUP(D25,Fornecedores,4,0) -> Paulo Roberto Jacobsen | H25: 41865 | I25: 450 | J25: =I25 -> 450 | M25: 6
A26: 21 | B26: 5 | C26: Vertedor triangular 90º, placa dentada, 3x0,15m | D26: =D23 -> LINDNER TECHNO SYSTEMS | E26: =VLOOKUP(D26,Fornecedores,2,0) -> 03.852.406/0001-90 | F26: =VLOOKUP(D26,Fornecedores,3,0) -> (49) 3551-9221 e (49) 3522-0211 | G26: =VLOOKUP(D26,Fornecedores,4,0) -> Chaline Sadowski | H26: =H23 -> 41857 | I26: 210 | J26: =I26 -> 210 | K26: =MINA(J26:J28) -> 210 | L26: =AVERAGE(J26:J28) -> 537.5 | M26: 35
D27: EAUX | E27: =VLOOKUP(D27,Fornecedores,2,0) -> 11.213.835/0001-46 | F27: =VLOOKUP(D27,Fornecedores,3,0) -> (51) 8152-9102 | G27: Marcelo | H27: 41858 | I27: 300 | J27: =I27 -> 300 | M27: 24
D28: BOMBAS BETO | E28: =VLOOKUP(D28,Fornecedores,2,0) -> 93.072.122/0002-55 | F28: =VLOOKUP(D28,Fornecedores,3,0) -> (51) 3587-5200 | G28: =VLOOKUP(D28,Fornecedores,4,0) -> Paulo Roberto Jacobsen | H28: 41865 | I28: =367.5*3 -> 1102.5 | J28: =I28 -> 1102.5 | M28: 5
A29: 22 | B29: 2.5 | C29: Vertedor triangular 90º, placa dentada, 4x0,15m | D29: =D26 -> LINDNER TECHNO SYSTEMS | E29: =VLOOKUP(D29,Fornecedores,2,0) -> 03.852.406/0001-90 | F29: =VLOOKUP(D29,Fornecedores,3,0) -> (49) 3551-9221 e (49) 3522-0211 | G29: =VLOOKUP(D29,Fornecedores,4,0) -> Chaline Sadowski | H29: 41857 | I29: 190 | J29: =I29 -> 190 | K29: =MINA(J29:J31) -> 190 | L29: =AVERAGE(J29:J31) -> 686.66667 | M29: 35
D30: EAUX | E30: =VLOOKUP(D30,Fornecedores,2,0) -> 11.213.835/0001-46 | F30: =VLOOKUP(D30,Fornecedores,3,0) -> (51) 8152-9102 | G30: Marcelo | H30: 41858 | I30: 400 | J30: =I30 -> 400 | M30: 24
D31: BOMBAS BETO | E31: =VLOOKUP(D31,Fornecedores,2,0) -> 93.072.122/0002-55 | F31: =VLOOKUP(D31,Fornecedores,3,0) -> (51) 3587-5200 | G31: =VLOOKUP(D31,Fornecedores,4,0) -> Paulo Roberto Jacobsen | H31: 41865 | I31: =367.5*4 -> 1470 | J31: =I31 -> 1470 | M31: 5
A32: 23 | B32: 5 | C32: Conjunto de difusores de ar (12 difusores) | D32: =D29 -> LINDNER TECHNO SYSTEMS | E32: =VLOOKUP(D32,Fornecedores,2,0) -> 03.852.406/0001-90 | F32: =VLOOKUP(D32,Fornecedores,3,0) -> (49) 3551-9221 e (49) 3522-0211 | G32: =VLOOKUP(D32,Fornecedores,4,0) -> Chaline Sadowski | H32: =H29 -> 41857 | I32: 15000 | J32: =I32 -> 15000 | K32: =MINA(J32:J34) -> 15000 | L32: =AVERAGE(J32:J34) -> 26766.667 | M32: 35
D33: EAUX | E33: =VLOOKUP(D33,Fornecedores,2,0) -> 11.213.835/0001-46 | F33: =VLOOKUP(D33,Fornecedores,3,0) -> (51) 8152-9102 | G33: Marcelo | H33: 41858 | I33: 27100 | J33: =I33 -> 27100 | M33: 24
D34: BOMBAS BETO | E34: =VLOOKUP(D34,Fornecedores,2,0) -> 93.072.122/0002-55 | F34: =VLOOKUP(D34,Fornecedores,3,0) -> (51) 3587-5200 | G34: =VLOOKUP(D34,Fornecedores,4,0) -> Paulo Roberto Jacobsen | H34: 41865 | I34: 38200 | J34: =I34 -> 38200 | M34: 6
A35: 24 | B35: 2.5 | C35: Conjunto de difusores de ar (6 difusores) | D35: =D32 -> LINDNER TECHNO SYSTEMS | E35: =VLOOKUP(D35,Fornecedores,2,0) -> 03.852.406/0001-90 | F35: =VLOOKUP(D35,Fornecedores,3,0) -> (49) 3551-9221 e (49) 3522-0211 | G35: =VLOOKUP(D35,Fornecedores,4,0) -> Chaline Sadowski | H35: =H32 -> 41857 | I35: 7500 | J35: =I35 -> 7500 | K35: =MINA(J35:J37) -> 7500 | L35: =AVERAGE(J35:J37) -> 21450 | M35: 35
D36: EAUX | E36: =VLOOKUP(D36,Fornecedores,2,0) -> 11.213.835/0001-46 | F36: =VLOOKUP(D36,Fornecedores,3,0) -> (51) 8152-9102 | G36: Marcelo | H36: 41858 | I36: 19500 | J36: =I36 -> 19500 | M36: 24
D37: BOMBAS BETO | E37: =VLOOKUP(D37,Fornecedores,2,0) -> 93.072.122/0002-55 | F37: =VLOOKUP(D37,Fornecedores,3,0) -> (51) 3587-5200 | G37: =VLOOKUP(D37,Fornecedores,4,0) -> Paulo Roberto Jacobsen | H37: 41865 | I37: 37350 | J37: =I37 -> 37350 | M37: 6
A38: 25 | B38: 1 | C38: Conjunto de Soprador de ar Qunit 1,00m³/min, 4CV, com componentes | D38: =D35 -> LINDNER TECHNO SYSTEMS | E38: =VLOOKUP(D38,Fornecedores,2,0) -> 03.852.406/0001-90 | F38: =VLOOKUP(D38,Fornecedores,3,0) -> (49) 3551-9221 e (49) 3522-0211 | G38: =VLOOKUP(D38,Fornecedores,4,0) -> Chaline Sadowski | H38: =H35 -> 41857 | I38: 45000 | J38: =I38 -> 45000 | K38: =MINA(J38:J40) -> 13340 | L38: =AVERAGE(J38:J40) -> 26013.333 | M38: 35
D39: EAUX | E39: =VLOOKUP(D39,Fornecedores,2,0) -> 11.213.835/0001-46 | F39: =VLOOKUP(D39,Fornecedores,3,0) -> (51) 8152-9102 | G39: Marcelo | H39: 41858 | I39: 13340 | J39: =I39 -> 13340 | M39: 24
D40: BOMBAS BETO | E40: =VLOOKUP(D40,Fornecedores,2,0) -> 93.072.122/0002-55 | F40: =VLOOKUP(D40,Fornecedores,3,0) -> (51) 3587-5200 | G40: =VLOOKUP(D40,Fornecedores,4,0) -> Paulo Roberto Jacobsen | H40: 41865 | I40: 19700 | J40: =I40 -> 19700 | M40: 8
A41: 26 | B41: 2.5 | C41: Conjunto de Soprador de ar Qunit 2,48m³/min, 5CV, com componentes | D41: =D38 -> LINDNER TECHNO SYSTEMS | E41: =VLOOKUP(D41,Fornecedores,2,0) -> 03.852.406/0001-90 | F41: =VLOOKUP(D41,Fornecedores,3,0) -> (49) 3551-9221 e (49) 3522-0211 | G41: =VLOOKUP(D41,Fornecedores,4,0) -> Chaline Sadowski | H41: =H38 -> 41857 | I41: 50000 | J41: =I41 -> 50000 | K41: =MINA(J41:J43) -> 17800 | L41: =AVERAGE(J41:J43) -> 32146.667 | M41: 35
D42: EAUX | E42: =VLOOKUP(D42,Fornecedores,2,0) -> 11.213.835/0001-46 | F42: =VLOOKUP(D42,Fornecedores,3,0) -> (51) 8152-9102 | G42: =VLOOKUP(D42,Fornecedores,4,0) -> Rommel Toscan | H42: 41858 | I42: 17800 | J42: =I42 -> 17800 | M42: 24
D43: BOMBAS BETO | E43: =VLOOKUP(D43,Fornecedores,2,0) -> 93.072.122/0002-55 | F43: =VLOOKUP(D43,Fornecedores,3,0) -> (51) 3587-5200 | G43: =VLOOKUP(D43,Fornecedores,4,0) -> Paulo Roberto Jacobsen | H43: 41865 | I43: 28640 | J43: =I43 -> 28640 | M43: 7
A44: 27 | B44: 5 | C44: Conjunto de Soprador de ar Qunit 4,97m³/min, 10CV, com componentes | D44: =D41 -> LINDNER TECHNO SYSTEMS | E44: =VLOOKUP(D44,Fornecedores,2,0) -> 03.852.406/0001-90 | F44: =VLOOKUP(D44,Fornecedores,3,0) -> (49) 3551-9221 e (49) 3522-0211 | G44: =VLOOKUP(D44,Fornecedores,4,0) -> Chaline Sadowski | H44: 41857 | I44: 60000 | J44: =I44 -> 60000 | K44: =MINA(J44:J46) -> 22050 | L44: =AVERAGE(J44:J46) -> 41162.667 | M44: 35
D45: EAUX | E45: =VLOOKUP(D45,Fornecedores,2,0) -> 11.213.835/0001-46 | F45: =VLOOKUP(D45,Fornecedores,3,0) -> (51) 8152-9102 | G45: =VLOOKUP(D45,Fornecedores,4,0) -> Rommel Toscan | H45: 41858 | I45: 22050 | J45: =I45 -> 22050 | M45: 24
D46: BOMBAS BETO | E46: =VLOOKUP(D46,Fornecedores,2,0) -> 93.072.122/0002-55 | F46: =VLOOKUP(D46,Fornecedores,3,0) -> (51) 3587-5200 | G46: =VLOOKUP(D46,Fornecedores,4,0) -> Paulo Roberto Jacobsen | H46: 41865 | I46: 41438 | J46: =I46 -> 41438 | M46: 7
A47: 28 | B47: U | C47: Curva Aço Inox ANSI 304 45º "3" | D47: =D44 -> LINDNER TECHNO SYSTEMS | E47: =VLOOKUP(D47,Fornecedores,2,0) -> 03.852.406/0001-90 | F47: =VLOOKUP(D47,Fornecedores,3,0) -> (49) 3551-9221 e (49) 3522-0211 | G47: =VLOOKUP(D47,Fornecedores,4,0) -> Chaline Sadowski | H47: =H44 -> 41857 | I47: 225 | J47: =I47 -> 225 | K47: =MINA(J47:J49) -> 45 | L47: =AVERAGE(J47:J49) -> 190 | M47: 35
D48: EAUX | E48: =VLOOKUP(D48,Fornecedores,2,0) -> 11.213.835/0001-46 | F48: =VLOOKUP(D48,Fornecedores,3,0) -> (51) 8152-9102 | G48: =VLOOKUP(D48,Fornecedores,4,0) -> Rommel Toscan | H48: 41858 | I48: 300 | J48: =I48 -> 300 | M48: 24
D49: BS METAIS | E49: 079539390001-10 | F49: (51) 3365-4499 | G49: Angélica | H49: 41926 | I49: 45 | J49: =I49 -> 45 | M49: 14
A50: 29 | B50: U | C50: Curva Aço Inox ANSI 304 90º "3" | D50: =D47 -> LINDNER TECHNO SYSTEMS | E50: =VLOOKUP(D50,Fornecedores,2,0) -> 03.852.406/0001-90 | F50: =VLOOKUP(D50,Fornecedores,3,0) -> (49) 3551-9221 e (49) 3522-0211 | G50: =VLOOKUP(D50,Fornecedores,4,0) -> Chaline Sadowski | H50: =H47 -> 41857 | I50: 225 | J50: =I50 -> 225 | K50: =MINA(J50:J52) -> 73.8 | L50: =AVERAGE(J50:J52) -> 239.6 | M50: 35
D51: EAUX | E51: =VLOOKUP(D51,Fornecedores,2,0) -> 11.213.835/0001-46 | F51: =VLOOKUP(D51,Fornecedores,3,0) -> (51) 8152-9102 | G51: =VLOOKUP(D51,Fornecedores,4,0) -> Rommel Toscan | H51: 41858 | I51: 420 | J51: =I51 -> 420 | M51: 24
D52: BS METAIS | E52: 079539390001-10 | F52: (51) 3365-4499 | G52: Angélica | H52: 41926 | I52: 73.8 | J52: =I52 -> 73.8 | M52: 14
A53: 30 | B53: U | C53: Tee Aço Inox Ansi 304 "3" | D53: =D50 -> LINDNER TECHNO SYSTEMS | E53: =VLOOKUP(D53,Fornecedores,2,0) -> 03.852.406/0001-90 | F53: =VLOOKUP(D53,Fornecedores,3,0) -> (49) 3551-9221 e (49) 3522-0211 | G53: =VLOOKUP(D53,Fornecedores,4,0) -> Chaline Sadowski | H53: =H50 -> 41857 | I53: 250 | J53: =I53 -> 250 | K53: =MINA(J53:J55) -> 127.9 | L53: =AVERAGE(J53:J55) -> 392.63333 | M53: 35
D54: EAUX | E54: =VLOOKUP(D54,Fornecedores,2,0) -> 11.213.835/0001-46 | F54: =VLOOKUP(D54,Fornecedores,3,0) -> (51) 8152-9102 | G54: =VLOOKUP(D54,Fornecedores,4,0) -> Rommel Toscan | H54: 41858 | I54: 800 | J54: =I54 -> 800 | M54: 24
D55: BS METAIS | E55: 079539390001-10 | F55: (51) 3365-4499 | G55: Angélica | H55: 41926 | I55: 127.9 | J55: =I55 -> 127.9 | M55: 14
A56: 31 | B56: U | C56: Tubo Aço Inox Ansi 304 "2" | D56: =D53 -> LINDNER TECHNO SYSTEMS | E56: =VLOOKUP(D56,Fornecedores,2,0) -> 03.852.406/0001-90 | F56: =VLOOKUP(D56,Fornecedores,3,0) -> (49) 3551-9221 e (49) 3522-0211 | G56: =VLOOKUP(D56,Fornecedores,4,0) -> Chaline Sadowski | H56: =H53 -> 41857 | I56: 250 | J56: =I56 -> 250 | K56: =MINA(J56:J58) -> 37.57 | L56: =AVERAGE(J56:J58) -> 189.19 | M56: 36
D57: EAUX | E57: =VLOOKUP(D57,Fornecedores,2,0) -> 11.213.835/0001-46 | F57: =VLOOKUP(D57,Fornecedores,3,0) -> (51) 8152-9102 | G57: =VLOOKUP(D57,Fornecedores,4,0) -> Rommel Toscan | H57: 41858 | I57: 280 | J57: =I57 -> 280 | M57: 24
D58: AÇOTUBO | E58: 331500530006-52 | F58: (51)2126-9440 | G58: Vargas | H58: 41922 | I58: 37.57 | J58: =I58 -> 37.57 | M58: 1
A59: 32 | B59: U | C59: Tubo Aço Inox Ansi 304 "3" | D59: =D56 -> LINDNER TECHNO SYSTEMS | E59: =VLOOKUP(D59,Fornecedores,2,0) -> 03.852.406/0001-90 | F59: =VLOOKUP(D59,Fornecedores,3,0) -> (49) 3551-9221 e (49) 3522-0211 | G59: =VLOOKUP(D59,Fornecedores,4,0) -> Chaline Sadowski | H59: =H56 -> 41857 | I59: 430 | J59: =I59 -> 430 | K59: =MINA(J59:J61) -> 74.37 | L59: =AVERAGE(J59:J61) -> 309.79 | M59: 36
D60: EAUX | E60: =VLOOKUP(D60,Fornecedores,2,0) -> 11.213.835/0001-46 | F60: =VLOOKUP(D60,Fornecedores,3,0) -> (51) 8152-9102 | G60: =VLOOKUP(D60,Fornecedores,4,0) -> Rommel Toscan | H60: 41858 | I60: 425 | J60: =I60 -> 425 | M60: 24
D61: AÇOTUBO | E61: 331500530006-52 | F61: (51)2126-9440 | G61: Vargas | H61: 41922 | I61: 74.37 | J61: =I61 -> 74.37 | M61: 1
A62: 33 | B62: U | C62: Válvula Borboleta FF Ansi 304 "3" | D62: =D59 -> LINDNER TECHNO SYSTEMS | E62: =VLOOKUP(D62,Fornecedores,2,0) -> 03.852.406/0001-90 | F62: =VLOOKUP(D62,Fornecedores,3,0) -> (49) 3551-9221 e (49) 3522-0211 | G62: =VLOOKUP(D62,Fornecedores,4,0) -> Chaline Sadowski | H62: =H59 -> 41857 | I62: 430 | J62: =I62 -> 430 | K62: =MINA(J62:J64) -> 137.99 | L62: =AVERAGE(J62:J64) -> 1179.33 | M62: 36
D63: EAUX | E63: =VLOOKUP(D63,Fornecedores,2,0) -> 11.213.835/0001-46 | F63: =VLOOKUP(D63,Fornecedores,3,0) -> (51) 8152-9102 | G63: =VLOOKUP(D63,Fornecedores,4,0) -> Rommel Toscan | H63: 41858 | I63: 2970 | J63: 2970 | M63: 24
D64: BS METAIS | E64: 079539390001-10 | F64: (51) 3365-4499 | G64: Angélica | H64: 41926 | I64: 137.99 | J64: =I64 -> 137.99 | M64: 14
A65: 34 | B65: U | C65: Stop Log de Fibra de Vidro 785x400 | D65: =D62 -> LINDNER TECHNO SYSTEMS | E65: =VLOOKUP(D65,Fornecedores,2,0) -> 03.852.406/0001-90 | F65: =VLOOKUP(D65,Fornecedores,3,0) -> (49) 3551-9221 e (49) 3522-0211 | G65: =VLOOKUP(D65,Fornecedores,4,0) -> Chaline Sadowski | H65: =H62 -> 41857 | I65: 9300 | J65: =I65 -> 9300 | K65: =MINA(J65:J67) -> 2100 | L65: =AVERAGE(J65:J67) -> 4873.3333 | M65: 36
D66: EAUX | E66: =VLOOKUP(D66,Fornecedores,2,0) -> 11.213.835/0001-46 | F66: =VLOOKUP(D66,Fornecedores,3,0) -> (51) 8152-9102 | G66: =VLOOKUP(D66,Fornecedores,4,0) -> Rommel Toscan | H66: 41858 | I66: 2100 | J66: =I66 -> 2100 | M66: 24
D67: BOMBAS BETO | E67: =VLOOKUP(D67,Fornecedores,2,0) -> 93.072.122/0002-55 | F67: =VLOOKUP(D67,Fornecedores,3,0) -> (51) 3587-5200 | G67: =VLOOKUP(D67,Fornecedores,4,0) -> Paulo Roberto Jacobsen | H67: 41865 | I67: 3220 | J67: =I67 -> 3220 | M67: 6
A68: 35 | B68: U | C68: Válvula de Retenção Flangeada Portinhola Única 3" 75mm | D68: =D65 -> LINDNER TECHNO SYSTEMS | E68: =VLOOKUP(D68,Fornecedores,2,0) -> 03.852.406/0001-90 | F68: =VLOOKUP(D68,Fornecedores,3,0) -> (49) 3551-9221 e (49) 3522-0211 | G68: =VLOOKUP(D68,Fornecedores,4,0) -> Chaline Sadowski | H68: =H65 -> 41857 | I68: 730 | J68: =I68 -> 730 | K68: =MINA(J68:J70) -> 700 | L68: =AVERAGE(J68:J70) -> 776.66667 | M68: 36
D69: EAUX | E69: =VLOOKUP(D69,Fornecedores,2,0) -> 11.213.835/0001-46 | F69: =VLOOKUP(D69,Fornecedores,3,0) -> (51) 8152-9102 | G69: =VLOOKUP(D69,Fornecedores,4,0) -> Rommel Toscan | H69: 41858 | I69: 700 | J69: =I69 -> 700 | M69: 24
D70: MADRID | E70: =VLOOKUP(D70,Fornecedores,2,0) -> 92.723.881/0001-97 | F70: =VLOOKUP(D70,Fornecedores,3,0) -> (54) 3343-1722 | G70: - | H70: 41842 | I70: 900 | J70: =I70 -> 900 | M70: 12
A71: 37 | B71: 5 | C71: ADAPTADOR JGS/KLIKSO 100 X 100 mm PAM | D71: MULTHIDRO | E71: 00.639.844/0001-87 | F71: =VLOOKUP(D71,Fornecedores,3,0) -> (11) 2082-9800 | G71: =VLOOKUP(D71,Fornecedores,4,0) -> Leony | H71: 41857 | I71: 80 | J71: =I71 -> 80 | K71: =MINA(J71:J73) -> 80 | L71: =AVERAGE(J71:J73) -> 85.696667 | M71: 39
D72: SF SANEAMENTO | E72: =VLOOKUP(D72,Fornecedores,2,0) -> 03.123.885/0001-04 | F72: =VLOOKUP(D72,Fornecedores,3,0) -> (19) 3604-7323 | G72: =VLOOKUP(D72,Fornecedores,4,0) -> Fillip Otavio | H72: 41857 | I72: 86.25 | J72: =I72 -> 86.25 | M72: 54
D73: MAQUIMOTOR COMERCIAL E TÉCNICA | E73: =VLOOKUP(D73,Fornecedores,2,0) -> 92.965.524/0001-35 | F73: =VLOOKUP(D73,Fornecedores,3,0) -> (51) 2121-5500 | G73: =VLOOKUP(D73,Fornecedores,4,0) -> Rafael/Jadir | H73: 41862 | I73: 90.84 | J73: =I73 -> 90.84 | M73: 52
A74: 38 | B74: 2.5 | C74: ADAPTADOR JGS/KLIKSO 80 X 75 mm PAM | D74: =D71 -> MULTHIDRO | E74: 00.639.844/0001-87 | F74: =VLOOKUP(D74,Fornecedores,3,0) -> (11) 2082-9800 | G74: =VLOOKUP(D74,Fornecedores,4,0) -> Leony | H74: =H71 -> 41857 | I74: 70 | J74: =I74 -> 70 | K74: =MINA(J74:J76) -> 48.3 | L74: =AVERAGE(J74:J76) -> 66.173333 | M74: 39
D75: SF SANEAMENTO | E75: =VLOOKUP(D75,Fornecedores,2,0) -> 03.123.885/0001-04 | F75: =VLOOKUP(D75,Fornecedores,3,0) -> (19) 3604-7323 | G75: =VLOOKUP(D75,Fornecedores,4,0) -> Fillip Otavio | H75: 41857 | I75: 48.3 | J75: =I75 -> 48.3 | M75: 54
D76: MAQUIMOTOR COMERCIAL E TÉCNICA | E76: =VLOOKUP(D76,Fornecedores,2,0) -> 92.965.524/0001-35 | F76: =VLOOKUP(D76,Fornecedores,3,0) -> (51) 2121-5500 | G76: =VLOOKUP(D76,Fornecedores,4,0) -> Rafael/Jadir | H76: 41862 | I76: 80.22 | J76: =I76 -> 80.22 | M76: 52
A77: 39 | B77: 2.5 | C77: ADAPTADOR JGS/KLIKSO 80 X 50 mm PAM | D77: =D74 -> MULTHIDRO | E77: 00.639.844/0001-87 | F77: =VLOOKUP(D77,Fornecedores,3,0) -> (11) 2082-9800 | G77: =VLOOKUP(D77,Fornecedores,4,0) -> Leony | H77: =H74 -> 41857 | I77: 67 | J77: =I77 -> 67 | K77: =MINA(J77:J79) -> 43.7 | L77: =AVERAGE(J77:J79) -> 62.26 | M77: 39
D78: SF SANEAMENTO | E78: =VLOOKUP(D78,Fornecedores,2,0) -> 03.123.885/0001-04 | F78: =VLOOKUP(D78,Fornecedores,3,0) -> (19) 3604-7323 | G78: =VLOOKUP(D78,Fornecedores,4,0) -> Fillip Otavio | H78: 41857 | I78: 43.7 | J78: =I78 -> 43.7 | M78: 54
D79: MAQUIMOTOR COMERCIAL E TÉCNICA | E79: =VLOOKUP(D79,Fornecedores,2,0) -> 92.965.524/0001-35 | F79: =VLOOKUP(D79,Fornecedores,3,0) -> (51) 2121-5500 | G79: =VLOOKUP(D79,Fornecedores,4,0) -> Rafael/Jadir | H79: 41862 | I79: 76.08 | J79: =I79 -> 76.08 | M79: 52
A80: 40 | B80: 5 | C80: CURVA - BOLSAS C90 JGS 100mm PAM | D80: =D77 -> MULTHIDRO | E80: 00.639.844/0001-87 | F80: =VLOOKUP(D80,Fornecedores,3,0) -> (11) 2082-9800 | G80: =VLOOKUP(D80,Fornecedores,4,0) -> Leony | H80: =H77 -> 41857 | I80: 156 | J80: =I80 -> 156 | K80: =MINA(J80:J82) -> 122.35 | L80: =AVERAGE(J80:J82) -> 144.22 | M80: 39
D81: SF SANEAMENTO | E81: =VLOOKUP(D81,Fornecedores,2,0) -> 03.123.885/0001-04 | F81: =VLOOKUP(D81,Fornecedores,3,0) -> (19) 3604-7323 | G81: =VLOOKUP(D81,Fornecedores,4,0) -> Fillip Otavio | H81: 41857 | I81: 122.35 | J81: =I81 -> 122.35 | M81: 43
D82: MAQUIMOTOR COMERCIAL E TÉCNICA | E82: =VLOOKUP(D82,Fornecedores,2,0) -> 92.965.524/0001-35 | F82: =VLOOKUP(D82,Fornecedores,3,0) -> (51) 2121-5500 | G82: =VLOOKUP(D82,Fornecedores,4,0) -> Rafael/Jadir | H82: 41862 | I82: 154.31 | J82: =I82 -> 154.31 | M82: 52
A83: 41 | B83: 2.5 | C83: CURVA - BOLSAS C90 JGS 80mm PAM | D83: =D80 -> MULTHIDRO | E83: 00.639.844/0001-87 | F83: =VLOOKUP(D83,Fornecedores,3,0) -> (11) 2082-9800 | G83: =VLOOKUP(D83,Fornecedores,4,0) -> Leony | H83: =H80 -> 41857 | I83: 143 | J83: =I83 -> 143 | K83: =MINA(J83:J85) -> 112.69 | L83: =AVERAGE(J83:J85) -> 141.23 | M83: 39
D84: SF SANEAMENTO | E84: =VLOOKUP(D84,Fornecedores,2,0) -> 03.123.885/0001-04 | F84: =VLOOKUP(D84,Fornecedores,3,0) -> (19) 3604-7323 | G84: =VLOOKUP(D84,Fornecedores,4,0) -> Fillip Otavio | H84: 41857 | I84: 112.69 | J84: =I84 -> 112.69 | M84: 54
D85: MAQUIMOTOR COMERCIAL E TÉCNICA | E85: =VLOOKUP(D85,Fornecedores,2,0) -> 92.965.524/0001-35 | F85: =VLOOKUP(D85,Fornecedores,3,0) -> (51) 2121-5500 | G85: =VLOOKUP(D85,Fornecedores,4,0) -> Rafael/Jadir | H85: 41862 | I85: 168 | J85: =I85 -> 168 | M85: 52
A86: 42 | B86: 5 | C86: CURVA-FLS C45FF10/16 100mm PAM | D86: =D83 -> MULTHIDRO | E86: 00.639.844/0001-87 | F86: =VLOOKUP(D86,Fornecedores,3,0) -> (11) 2082-9800 | G86: =VLOOKUP(D86,Fornecedores,4,0) -> Leony | H86: =H83 -> 41857 | I86: 186 | J86: =I86 -> 186 | K86: =MINA(J86:J88) -> 167.38 | L86: =AVERAGE(J86:J88) -> 190.85667 | M86: 39
D87: SF SANEAMENTO | E87: =VLOOKUP(D87,Fornecedores,2,0) -> 03.123.885/0001-04 | F87: =VLOOKUP(D87,Fornecedores,3,0) -> (19) 3604-7323 | G87: =VLOOKUP(D87,Fornecedores,4,0) -> Fillip Otavio | H87: 41857 | I87: 167.38 | J87: =I87 -> 167.38 | M87: 54
D88: MAQUIMOTOR COMERCIAL E TÉCNICA | E88: =VLOOKUP(D88,Fornecedores,2,0) -> 92.965.524/0001-35 | F88: =VLOOKUP(D88,Fornecedores,3,0) -> (51) 2121-5500 | G88: =VLOOKUP(D88,Fornecedores,4,0) -> Rafael/Jadir | H88: 41862 | I88: 219.19 | J88: =I88 -> 219.19 | M88: 52
A89: 43 | B89: 2.5 | C89: CURVA-FLS C45FF10/16/25 80mm PAM | D89: =D86 -> MULTHIDRO | E89: 00.639.844/0001-87 | F89: =VLOOKUP(D89,Fornecedores,3,0) -> (11) 2082-9800 | G89: =VLOOKUP(D89,Fornecedores,4,0) -> Leony | H89: =H86 -> 41857 | I89: 125 | J89: =I89 -> 125 | K89: =MINA(J89:J91) -> 125 | L89: =AVERAGE(J89:J91) -> 140.64333 | M89: 39
D90: SF SANEAMENTO | E90: =VLOOKUP(D90,Fornecedores,2,0) -> 03.123.885/0001-04 | F90: =VLOOKUP(D90,Fornecedores,3,0) -> (19) 3604-7323 | G90: =VLOOKUP(D90,Fornecedores,4,0) -> Fillip Otavio | H90: 41857 | I90: 154.56 | J90: =I90 -> 154.56 | M90: 54
D91: MAQUIMOTOR COMERCIAL E TÉCNICA | E91: =VLOOKUP(D91,Fornecedores,2,0) -> 92.965.524/0001-35 | F91: =VLOOKUP(D91,Fornecedores,3,0) -> (51) 2121-5500 | G91: =VLOOKUP(D91,Fornecedores,4,0) -> Rafael/Jadir | H91: 41862 | I91: 142.37 | J91: =I91 -> 142.37 | M91: 52
A92: 44 | B92: 2.5 | C92: CURVA-FLS C90FF10/16 50mm PAM | D92: FERPAC | E92: 07.882.445/0001-91 | H92: 41947 | I92: 98 | J92: =I92 -> 98 | K92: =MINA(J92:J94) -> 98 | L92: =AVERAGE(J92:J94) -> 128.26667 | M92: 29
D93: EPT SANEAMENTO | E93: 13.670.664/0001-00 | H93: 41947 | I93: 136.8 | J93: =I93 -> 136.8 | M93: 72
D94: SF SANEAMENTO | E94: 03.439.949/0001-80 | H94: 41947 | I94: 150 | J94: =I94 -> 150 | M94: 54
A95: 44 | B95: 2.5 | C95: CURVA-FLS C90FF10/16 80mm PAM | D95: SAINT GOBAIN | E95: 286720870001-62 | F95: =VLOOKUP(D95,Fornecedores,3,0) -> #N/A | G95: =VLOOKUP(D95,Fornecedores,4,0) -> #N/A | H95: 41922 | I95: 181.2 | J95: =I95 -> 181.2 | K95: =MINA(J95:J97) -> 167.14 | L95: =AVERAGE(J95:J97) -> 172.44667 | M95: 52
D96: MADRID | E96: =VLOOKUP(D96,Fornecedores,2,0) -> 92.723.881/0001-97 | F96: =VLOOKUP(D96,Fornecedores,3,0) -> (54) 3343-1722 | H96: 41857 | I96: 169 | J96: =I96 -> 169 | M96: 12
D97: MAQUIMOTOR COMERCIAL E TÉCNICA | E97: =VLOOKUP(D97,Fornecedores,2,0) -> 92.965.524/0001-35 | F97: =VLOOKUP(D97,Fornecedores,3,0) -> (51) 2121-5500 | G97: =VLOOKUP(D97,Fornecedores,4,0) -> Rafael/Jadir | H97: 41862 | I97: 167.14 | J97: =I97 -> 167.14 | M97: 52
A98: 45 | B98: 5 | C98: CURVA-FLS C90FF10/16 100mm PAM | D98: =D89 -> MULTHIDRO | E98: 00.639.844/0001-87 | F98: =VLOOKUP(D98,Fornecedores,3,0) -> (11) 2082-9800 | G98: =VLOOKUP(D98,Fornecedores,4,0) -> Leony | H98: =H89 -> 41857 | I98: 197 | J98: =I98 -> 197 | K98: =MINA(J98:J100) -> 167.38001 | L98: =AVERAGE(J98:J100) -> 181.26 | M98: 39
D99: SF SANEAMENTO | E99: =VLOOKUP(D99,Fornecedores,2,0) -> 03.123.885/0001-04 | F99: =VLOOKUP(D99,Fornecedores,3,0) -> (19) 3604-7323 | G99: =VLOOKUP(D99,Fornecedores,4,0) -> Fillip Otavio | H99: 41857 | I99: 167.38001 | J99: =I99 -> 167.38001 | M99: 54
D100: MAQUIMOTOR COMERCIAL E TÉCNICA | E100: =VLOOKUP(D100,Fornecedores,2,0) -> 92.965.524/0001-35 | F100: =VLOOKUP(D100,Fornecedores,3,0) -> (51) 2121-5500 | G100: =VLOOKUP(D100,Fornecedores,4,0) -> Rafael/Jadir | H100: 41862 | I100: 179.4 | J100: =I100 -> 179.4 | M100: 52
...

Sheet RESUMO
A1: PREFEITURA MUNICIPAL DE MOSTARDAS
A3: RESUMO D0 DEMONSTRATIVO CUSTO UNITÁRIO
A5: OBRA: IMPLANTAÇÃO DE SISTEMA DE ESGOTO SANITÁRIO
A7: CAPITULO | B7: DESCRIÇÃO DA ETAPA | C7: VALOR DO ORÇAMENTO | E7: DIFERENÇA
C8: SEM DESONERAÇÃO | D8: COM DESONERAÇÃO | E8: DESONERAÇÃO
A10: ='I - SERVIÇOS INICIAIS'!A$6 -> I | B10: ='I - SERVIÇOS INICIAIS'!B$6 -> SERVIÇOS INICIAIS - INSTALAÇÃO DA OBRA | C10: ='I - SERVIÇOS INICIAIS'!#REF! -> #REF! | D10: ='I - SERVIÇOS INICIAIS'!$I$6 -> 180979.05 | E10: =D10-C10 -> #REF! | F10: =E10/C10*100 -> #REF!
A11: ='II - REDE COLETORA'!A6 -> II | B11: ='II - REDE COLETORA'!B6 -> REDE COLETORA DE ESGOTO | C11: ='II - REDE COLETORA'!#REF! -> #REF! | D11: ='II - REDE COLETORA'!$I$6 -> 2861079.2 | E11: =D11-C11 -> #REF! | F11: =E11/C11*100 -> #REF!
A13: TOTAL | C13: =SUM(C10:C12) -> #REF! | D13: =SUM(D10:D12) -> 3042058.3 | E13: =SUM(E10:E12) -> #REF! | F13: =SUM(F10:F12) -> #REF!

Sheet I - SERVIÇOS INICIAIS
A1: PREFEITURA MUNICIPAL DE MOSTARDAS
A2: DEMONSTRATIVO CUSTO UNITÁRIO - OBRA IMPLANTAÇÃO SISTEMA ESGOTO SANITÁRIO
A4: ITEM | B4: DESCRIÇÃO | C4: UNID | D4: ORÇAMENTO REVISADO - COM DESONERAÇÃO
D5: QUANT | E5: COD SINAPI | F5: CUSTO UNITÁRIO | G5: BDI | H5: TOTAL SEM BDI | I5: TOTAL COM BDI
A6: I | B6: SERVIÇOS INICIAIS - INSTALAÇÃO DA OBRA | H6: =H7 -> 143466.72 | I6: =I7 -> 180979.05
A7: I.1 | B7: INSTALAÇÃO DA OBRA | H7: =SUM(H8:H19) -> 143466.72 | I7: =SUM(I8:I19) -> 180979.05
A8: I.1.1 | B8: Limpeza do terreno - roçada densa | C8: m2 | D8: 300 | E8: 73822/001 | F8: 3.57 | G8: =BDI!$D$23*100 -> 26.147063 | H8: =D8*F8 -> 1071 | I8: =D8*F8*(100+G8)/100 -> 1351.035
A9: I.1.2 | B9: Ligação domiciliar de água | C9: un | D9: 1 | E9: ='[4]I-COMPOSIÇÃO SERVIÇOS INICIAIS'!$A$12 -> I.1.2 | F9: ='[4]I-COMPOSIÇÃO SERVIÇOS INICIAIS'!$H$11 -> 320.32 | G9: =BDI!$D$23*100 -> 26.147063 | H9: =D9*F9 -> 320.32 | I9: =D9*F9*(100+G9)/100 -> 404.07427
A10: I.1.3 | B10: Instalação provisória esgoto - fossa e poço sumidouro | C10: un | D10: 1 | E10: ='[4]I-COMPOSIÇÃO SERVIÇOS INICIAIS'!$A$6 -> I.1.3 | F10: ='[4]I-COMPOSIÇÃO SERVIÇOS INICIAIS'!$H$5 -> 2312.21 | G10: =BDI!$D$23*100 -> 26.147063 | H10: =D10*F10 -> 2312.21 | I10: =D10*F10*(100+G10)/100 -> 2916.785
A11: I.1.4 | B11: Instalação ligação provisória elétrica baixa tensão para canteiro de obra | C11: un | D11: 1 | E11: 73960/001 | F11: 1288.07 | G11: =BDI!$D$23*100 -> 26.147063 | H11: =D11*F11 -> 1288.07 | I11: =D11*F11*(100+G11)/100 -> 1624.8625
A12: I.1.5 | B12: Sanitário com vaso e chuveiro para pessoal obra | C12: un | D12: 1 | E12: 73752/001 | F12: 3651.64 | G12: =BDI!$D$23*100 -> 26.147063 | H12: =D12*F12 -> 3651.64 | I12: =D12*F12*(100+G12)/100 -> 4606.4366
A13: I.1.6 | B13: Barracão obra madeira - escritório | C13: m2 | D13: 20 | E13: 93207 | F13: 521.31 | G13: =BDI!$D$23*100 -> 26.147063 | H13: =D13*F13 -> 10426.2 | I13: =D13*F13*(100+G13)/100 -> 13152.345
A14: I.1.7 | B14: Barracão obra madeira - alojamento | C14: m2 | D14: 30 | E14: 74210/001 | F14: 330.16 | G14: =BDI!$D$23*100 -> 26.147063 | H14: =D14*F14 -> 9904.8 | I14: =D14*F14*(100+G14)/100 -> 12494.614
A15: I.1.8 | B15: Barracão obra madeira - almoxarifado | C15: m2 | D15: 40 | E15: 93208 | F15: 407.26 | G15: =BDI!$D$23*100 -> 26.147063 | H15: =D15*F15 -> 16290.4 | I15: =D15*F15*(100+G15)/100 -> 20549.861
A16: I.1.9 | B16: Barracão obra madeira - refeitório | C16: m2 | D16: 30 | E16: 93210 | F16: 297.31 | G16: =BDI!$D$23*100 -> 26.147063 | H16: =D16*F16 -> 8919.3 | I16: =D16*F16*(100+G16)/100 -> 11251.435
A17: I.1.10 | B17: Barracão aberto de obra de madeira (depósito) | C17: m2 | D17: 25 | E17: 85253 | F17: 167.64 | G17: =BDI!$D$23*100 -> 26.147063 | H17: =D17*F17 -> 4191 | I17: =D17*F17*(100+G17)/100 -> 5286.8234
A18: I.1.11 | B18: Placa de obra chapa aço galvanizado | C18: m2 | D18: 6 | E18: 74209/001 | F18: 208.09 | G18: =BDI!$D$23*100 -> 26.147063 | H18: =D18*F18 -> 1248.54 | I18: =D18*F18*(100+G18)/100 -> 1574.9965
A19: I.1.12 | B19: Administração direta (AD) | C19: vb | D19: 1 | E19: ='[4]I-COMPOSIÇÃO SERVIÇOS INICIAIS'!$A$20 -> I.1.12 | F19: ='[4]I-COMPOSIÇÃO SERVIÇOS INICIAIS'!$H$19 -> 83843.24 | G19: =BDI!$D$23*100 -> 26.147063 | H19: =D19*F19 -> 83843.24 | I19: =D19*F19*(100+G19)/100 -> 105765.78

Sheet II - REDE COLETORA
A1: PREFEITURA MUNICIPAL DE MOSTARDAS
A2: DEMONSTRATIVO CUSTO UNITÁRIO - OBRA IMPLANTAÇÃO SISTEMA ESGOTO SANITÁRIO
A4: ITEM | B4: DESCRIÇÃO | C4: UNID | D4: ORÇAMENTO REVISADO - COM DESONERAÇÃO
D5: QUANT | E5: COD SINAPI | F5: CUSTO UNITÁRIO | G5: BDI | H5: TOTAL SEM BDI | I5: TOTAL COM BDI
A6: II | B6: REDE COLETORA DE ESGOTO | H6: =H7+H10+H14+H17+H21+H23+H25+H31+H47+H49+H54+H64+H66 -> 2268050.6 | I6: =I7+I10+I14+I17+I21+I23+I25+I31+I47+I49+I54+I64+I66 -> 2861079.2
A7: II.1 | B7: SERVIÇOS TÉCNICOS | H7: =SUM(H8:H9) -> 15295.68 | I7: =SUM(I8:I9) -> 19295.051
A8: II.1.1 | B8: Locação e nivelamento para obras de rede de esgoto | C8: ml | D8: 5311 | E8: 85323 | F8: 1.7 | G8: =BDI!$D$23*100 -> 26.147063 | H8: =D8*F8 -> 9028.7 | I8: =D8*F8*(100+G8)/100 -> 11389.44
A9: II.1.2 | B9: Cadastro e desenho para obras de rede de água e esgoto | C9: ml | D9: 5311 | E9: 73682 | F9: 1.18 | G9: =BDI!$D$23*100 -> 26.147063 | H9: =D9*F9 -> 6266.98 | I9: =D9*F9*(100+G9)/100 -> 7905.6112
A10: II.2 | B10: SERVIÇOS PRELIMINARES | H10: =SUM(H11:H13) -> 14841.71 | I10: =SUM(I11:I13) -> 18722.381
A11: II.2.1 | B11: Sinalização de trânsito (noturna) | C11: ml | D11: 5311 | E11: 74221/1 | F11: 1.89 | G11: =BDI!$D$23*100 -> 26.147063 | H11: =D11*F11 -> 10037.79 | I11: =D11*F11*(100+G11)/100 -> 12662.377
A12: II.2.2 | B12: Passadiço de madeira para pedestre | C12: m² | D12: 53 | E12: 74219/001 | F12: 50.93 | G12: =BDI!$D$23*100 -> 26.147063 | H12: =D12*F12 -> 2699.29 | I12: =D12*F12*(100+G12)/100 -> 3405.0751
A13: II.2.3 | B13: Travessia de madeira para veículos | C13: m² | D13: 53 | E13: 74219/002 | F13: 39.71 | G13: =BDI!$D$23*100 -> 26.147063 | H13: =D13*F13 -> 2104.63 | I13: =D13*F13*(100+G13)/100 -> 2654.9289
A14: II.3 | B14: ESCAVAÇÃO DE SOLOS | H14: =SUM(H15:H16) -> 72079.01 | I14: =SUM(I15:I16) -> 90925.554
A15: II.3.1 | B15: Escavação mecânica até 1,5m, em solo 1ª cat, com baixo nível de interferencia | C15: m³ | D15: 2543 | E15: 90105 | F15: 11.07 | G15: =BDI!$D$23*100 -> 26.147063 | H15: =D15*F15 -> 28151.01 | I15: =D15*F15*(100+G15)/100 -> 35511.672
A16: II.3.2 | B16: Escavação mecânica de 1,50 a 3,00m, em solo 1A, baixo nível interferencia | C16: m³ | D16: 5168 | E16: 90108 | F16: 8.5 | G16: =BDI!$D$23*100 -> 26.147063 | H16: =D16*F16 -> 43928 | I16: =D16*F16*(100+G16)/100 -> 55413.882
A17: II.4 | B17: ATERRO E REATERRO | H17: =SUM(H18:H20) -> 217023.72 | I17: =SUM(I18:I20) -> 273769.05
A18: II.4.1 | B18: Lastro do fundo da vala - areia | C18: m3 | D18: 375 | E18: 73692 | F18: 89.96 | G18: =BDI!$D$23*100 -> 26.147063 | H18: =D18*F18 -> 33735 | I18: =D18*F18*(100+G18)/100 -> 42555.712
A19: II.4.2 | B19: Reaterro manual em camadas | C19: m³ | D19: 1405 | E19: 73964/006 | F19: 35.76 | G19: =BDI!$D$23*100 -> 26.147063 | H19: =D19*F19 -> 50242.8 | I19: =D19*F19*(100+G19)/100 -> 63379.816
A20: II.4.3 | B20: Reaterro e compactação mecânico de vala | C20: m³ | D20: 5628 | E20: 74015/001 | F20: 23.64 | G20: =BDI!$D$23*100 -> 26.147063 | H20: =D20*F20 -> 133045.92 | I20: =D20*F20*(100+G20)/100 -> 167833.52
A21: II.5 | B21: ESCORAMENTO | H21: =SUM(H22:H22) -> 668479.04 | I21: =SUM(I22:I22) -> 843266.67
A22: II.5.3 | B22: Escoramento madeira continuo | C22: m2 | D22: 13648 | E22: 83868 | F22: 48.98 | G22: =BDI!$D$23*100 -> 26.147063 | H22: =D22*F22 -> 668479.04 | I22: =D22*F22*(100+G22)/100 -> 843266.67
A23: II.6 | B23: ESGOTAMENTO DE VALAS | H23: =SUM(H24) -> 5218.17 | I23: =SUM(I24) -> 6582.5682
A24: II.6.1 | B24: Esgotamento com bombas | C24: h | D24: 843 | E24: 73891/001 | F24: 6.19 | G24: =BDI!$D$23*100 -> 26.147063 | H24: =D24*F24 -> 5218.17 | I24: =D24*F24*(100+G24)/100 -> 6582.5682
A25: II.7 | B25: FUNDAÇÃO E ESTRUTURA | H25: =SUM(H26:H30) -> 10779.2 | I25: =SUM(I26:I30) -> 13597.644
A26: II.7.1 | B26: Lastro de brita | C26: m3 | D26: 5 | E26: 74164/004 | F26: 71.19 | G26: =BDI!$D$23*100 -> 26.147063 | H26: =D26*F26 -> 355.95 | I26: =D26*F26*(100+G26)/100 -> 449.02047
A27: II.7.2 | B27: Formas tabua p/ concreto 2x reaproveitamento | C27: m2 | D27: 53 | E27: 5970 | F27: 47.79 | G27: =BDI!$D$23*100 -> 26.147063 | H27: =D27*F27 -> 2532.87 | I27: =D27*F27*(100+G27)/100 -> 3195.1411
A28: II.7.3 | B28: Armadura CA 50 DN 8.0 mm | C28: Kg | D28: 473 | E28: 92917 | F28: 9.11 | G28: =BDI!$D$23*100 -> 26.147063 | H28: =D28*F28 -> 4309.03 | I28: =D28*F28*(100+G28)/100 -> 5435.7148
A29: II.7.4 | B29: Lastro concreto (1:3:5) preparo mecânico | C29: m3 | D29: 5 | E29: 74115/1 | F29: 320.2 | G29: =BDI!$D$23*100 -> 26.147063 | H29: =D29*F29 -> 1601 | I29: =D29*F29*(100+G29)/100 -> 2019.6145
A30: II.7.5 | B30: Concreto estrutural virado betoneira FCk 15 Mpa | C30: m3 | D30: 5 | E30: 6045+74157/4 | F30: 396.07 | G30: =BDI!$D$23*100 -> 26.147063 | H30: =D30*F30 -> 1980.35 | I30: =D30*F30*(100+G30)/100 -> 2498.1534
A31: II.8 | B31: POÇOS DE VISITA | H31: =SUM(H32:H46) -> 104001.85 | I31: =SUM(I32:I46) -> 131195.28
A32: II.8.1 | B32: Montagem poço visita pré-moldado tipo P DN 600mm H= 1,05 m | C32: unid | D32: 31 | E32: ='[4]II-COMPOSIÇÃO REDE COLETORA'!$A$19 -> II.8.1 | F32: ='[4]II-COMPOSIÇÃO REDE COLETORA'!$H$18 -> 758.83 | G32: =BDI!$D$23*100 -> 26.147063 | H32: =D32*F32 -> 23523.73 | I32: =D32*F32*(100+G32)/100 -> 29674.494
A33: II.8.2 | B33: Montagem poço visita pré-moldado tipo N DN 1000mm H=1,05 | C33: unid | D33: 4 | E33: ='[4]II-COMPOSIÇÃO REDE COLETORA'!$A$32 -> II.8.2 | F33: ='[4]II-COMPOSIÇÃO REDE COLETORA'!$H$31 -> 1319.96 | G33: =BDI!$D$23*100 -> 26.147063 | H33: =D33*F33 -> 5279.84 | I33: =D33*F33*(100+G33)/100 -> 6660.3631
A34: II.8.3 | B34: Montagem poço visita pré-moldado tipo N DN 1000mm 1,05 < H < 1,15 | C34: unid | D34: 1 | E34: ='[4]II-COMPOSIÇÃO REDE COLETORA'!$A$46 -> II.8.3 | F34: ='[4]II-COMPOSIÇÃO REDE COLETORA'!$H$45 -> 1319.96 | G34: =BDI!$D$23*100 -> 26.147063 | H34: =D34*F34 -> 1319.96 | I34: =D34*F34*(100+G34)/100 -> 1665.0908
A35: II.8.4 | B35: Montagem poço visita pré-moldado tipo N DN 1000mm 1,15 < H < 1,25 | C35: unid | D35: 1 | E35: ='[4]II-COMPOSIÇÃO REDE COLETORA'!$A$60 -> II.8.4 | F35: ='[4]II-COMPOSIÇÃO REDE COLETORA'!$H$59 -> 1531.96 | G35: =BDI!$D$23*100 -> 26.147063 | H35: =D35*F35 -> 1531.96 | I35: =D35*F35*(100+G35)/100 -> 1932.5225
A36: II.8.5 | B36: Montagem poço visita pré-moldado tipo N DN 1000mm 1,25 < H < 1,35 | C36: unid | D36: 1 | E36: ='[4]II-COMPOSIÇÃO REDE COLETORA'!$A$75 -> II.8.5 | F36: ='[4]II-COMPOSIÇÃO REDE COLETORA'!$H$74 -> 1319.96 | G36: =BDI!$D$23*100 -> 26.147063 | H36: =D36*F36 -> 1319.96 | I36: =D36*F36*(100+G36)/100 -> 1665.0908
A37: II.8.6 | B37: Montagem poço visita pré-moldado tipo N DN 1000mm 1,35 < H < 1,45 | C37: unid | D37: 7 | E37: ='[4]II-COMPOSIÇÃO REDE COLETORA'!$A$89 -> II.8.6 | F37: ='[4]II-COMPOSIÇÃO REDE COLETORA'!$H$88 -> 1655.96 | G37: =BDI!$D$23*100 -> 26.147063 | H37: =D37*F37 -> 11591.72 | I37: =D37*F37*(100+G37)/100 -> 14622.614
A38: II.8.7 | B38: Montagem poço visita pré-moldado tipo N DN 1000mm 1,45 < H < 1,55 | C38: unid | D38: 1 | E38: ='[4]II-COMPOSIÇÃO REDE COLETORA'!$A$104 -> II.8.7 | F38: ='[4]II-COMPOSIÇÃO REDE COLETORA'!$H$103 -> 1561.96 | G38: =BDI!$D$23*100 -> 26.147063 | H38: =D38*F38 -> 1561.96 | I38: =D38*F38*(100+G38)/100 -> 1970.3667
A39: II.8.8 | B39: Montagem poço visita pré-moldado tipo N DN 1000mm 1,55 < H < 1,65 | C39: unid | D39: 5 | E39: ='[4]II-COMPOSIÇÃO REDE COLETORA'!$A$118 -> II.8.8 | F39: ='[4]II-COMPOSIÇÃO REDE COLETORA'!$H$117 -> 1773.96 | G39: =BDI!$D$23*100 -> 26.147063 | H39: =D39*F39 -> 8869.8 | I39: =D39*F39*(100+G39)/100 -> 11188.992
A40: II.8.9 | B40: Montagem poço visita pré-moldado tipo N DN 1000mm 1,65 < H < 1,75 | C40: unid | D40: 1 | E40: ='[4]II-COMPOSIÇÃO REDE COLETORA'!$A$133 -> II.8.9 | F40: ='[4]II-COMPOSIÇÃO REDE COLETORA'!$H$132 -> 1773.96 | G40: =BDI!$D$23*100 -> 26.147063 | H40: =D40*F40 -> 1773.96 | I40: =D40*F40*(100+G40)/100 -> 2237.7984
A41: II.8.10 | B41: Montagem poço visita pré-moldado tipo N DN 1000mm 1,75 < H < 1,95 | C41: unid | D41: 6 | E41: ='[4]II-COMPOSIÇÃO REDE COLETORA'!$A$148 -> II.8.10 | F41: ='[4]II-COMPOSIÇÃO REDE COLETORA'!$H$147 -> 1655.96 | G41: =BDI!$D$23*100 -> 26.147063 | H41: =D41*F41 -> 9935.76 | I41: =D41*F41*(100+G41)/100 -> 12533.669
A42: II.8.11 | B42: Montagem poço visita pré-moldado tipo N DN 1000mm 1,95 < H < 2,15 | C42: unid | D42: 3 | E42: ='[4]II-COMPOSIÇÃO REDE COLETORA'!$A$163 -> II.8.11 | F42: ='[4]II-COMPOSIÇÃO REDE COLETORA'!$H$162 -> 1965.96 | G42: =BDI!$D$23*100 -> 26.147063 | H42: =D42*F42 -> 5897.88 | I42: =D42*F42*(100+G42)/100 -> 7440.0024
A43: II.8.12 | B43: Montagem poço visita pré-moldado tipo N DN 1000mm 2,15 < H < 2,35 | C43: unid | D43: 6 | E43: ='[4]II-COMPOSIÇÃO REDE COLETORA'!$A$179 -> II.8.12 | F43: ='[4]II-COMPOSIÇÃO REDE COLETORA'!$H$178 -> 1655.96 | G43: =BDI!$D$23*100 -> 26.147063 | H43: =D43*F43 -> 9935.76 | I43: =D43*F43*(100+G43)/100 -> 12533.669
A44: II.8.13 | B44: Montagem poço visita pré-moldado tipo N DN 1000mm 2,35 < H < 2,55 | C44: unid | D44: 5 | E44: ='[4]II-COMPOSIÇÃO REDE COLETORA'!$A$194 -> II.8.13 | F44: ='[4]II-COMPOSIÇÃO REDE COLETORA'!$H$193 -> 1995.96 | G44: =BDI!$D$23*100 -> 26.147063 | H44: =D44*F44 -> 9979.8 | I44: =D44*F44*(100+G44)/100 -> 12589.225
A45: II.8.14 | B45: Montagem poço visita pré-moldado tipo N DN 1000mm 2,55 < H < 2,85 | C45: unid | D45: 5 | E45: ='[4]II-COMPOSIÇÃO REDE COLETORA'!$A$209 -> II.8.14 | F45: ='[4]II-COMPOSIÇÃO REDE COLETORA'!$H$208 -> 1877.96 | G45: =BDI!$D$23*100 -> 26.147063 | H45: =D45*F45 -> 9389.8 | I45: =D45*F45*(100+G45)/100 -> 11844.957
A46: II.8.15 | B46: Montagem poço visita pré-moldado tipo N DN 1000mm 2,85 < H < 3,15 | C46: unid | D46: 1 | E46: ='[4]II-COMPOSIÇÃO REDE COLETORA'!$A$224 -> II.8.15 | F46: ='[4]II-COMPOSIÇÃO REDE COLETORA'!$H$223 -> 2089.96 | G46: =BDI!$D$23*100 -> 26.147063 | H46: =D46*F46 -> 2089.96 | I46: =D46*F46*(100+G46)/100 -> 2636.4232
A47: II.9 | B47: ASSENTAMENTO DA REDE COLETORA | H47: =SUM(H48) -> 183495.05 | I47: =SUM(I48) -> 231473.62
A48: II.9.1 | B48: Assentamento tubo coletor esgoto PVC Liso JE DN 150mm | C48: m | D48: 5311 | E48: 90695 | F48: 34.55 | G48: =BDI!$D$23*100 -> 26.147063 | H48: =D48*F48 -> 183495.05 | I48: =D48*F48*(100+G48)/100 -> 231473.62
A49: II.10 | B49: REMOÇÃO DE PAVIMENTAÇÃO | H49: =SUM(H50:H53) -> 37444.22 | I49: =SUM(I50:I53) -> 47234.784
A50: II.10.1 | B50: Remoção de asfalto espessura de 6 a 10 cm | C50: m2 | D50: 411 | E50: ='[4]II-COMPOSIÇÃO REDE COLETORA'!$A$304 -> II.10.1 | F50: ='[4]II-COMPOSIÇÃO REDE COLETORA'!$H$303 -> 5.78 | G50: =BDI!$D$23*100 -> 26.147063 | H50: =D50*F50 -> 2375.58 | I50: =D50*F50*(100+G50)/100 -> 2996.7244
A51: II.10.2 | B51: Remoção de pedra irregular/paralelepipedo | C51: m2 | D51: 4732 | E51: ='[4]II-COMPOSIÇÃO REDE COLETORA'!$A$309 -> II.10.2 | F51: ='[4]II-COMPOSIÇÃO REDE COLETORA'!$H$308 -> 5.96 | G51: =BDI!$D$23*100 -> 26.147063 | H51: =D51*F51 -> 28202.72 | I51: =D51*F51*(100+G51)/100 -> 35576.903
A52: II.10.3 | B52: Remoção de placas de concreto | C52: m2 | D52: 422 | E52: ='[4]II-COMPOSIÇÃO REDE COLETORA'!$A$312 -> II.10.3 | F52: ='[4]II-COMPOSIÇÃO REDE COLETORA'!$H$311 -> 5.96 | G52: =BDI!$D$23*100 -> 26.147063 | H52: =D52*F52 -> 2515.12 | I52: =D52*F52*(100+G52)/100 -> 3172.75
A53: II.10.4 | B53: Remoção pavimentos passeio (lajes de grês, ladrilhos, lajotas de basalto e laje de grês) | C53: m2 | D53: 730 | E53: ='[4]II-COMPOSIÇÃO REDE COLETORA'!$A$315 -> II.10.4 | F53: ='[4]II-COMPOSIÇÃO REDE COLETORA'!$H$314 -> 5.96 | G53: =BDI!$D$23*100 -> 26.147063 | H53: =D53*F53 -> 4350.8 | I53: =D53*F53*(100+G53)/100 -> 5488.4064
A54: II.11 | B54: RECOMPOSIÇÃO DE PAVIMENTOS | H54: =SUM(H55:H63) -> 209825.61 | I54: =SUM(I55:I63) -> 264688.84
A55: II.11.1 | B55: Recomposição de asfalto CBUQ espessura de 8 cm | C55: m2 | D55: 411 | E55: ='[4]II-COMPOSIÇÃO REDE COLETORA'!$A$318 -> II.11.1 | F55: ='[4]II-COMPOSIÇÃO REDE COLETORA'!$H$317 -> 56.71 | G55: =BDI!$D$23*100 -> 26.147063 | H55: =D55*F55 -> 23307.81 | I55: =D55*F55*(100+G55)/100 -> 29402.118
A56: II.11.2 | B56: Recomposição de pedra irregular | C56: m2 | D56: 4732 | E56: ='[4]II-COMPOSIÇÃO REDE COLETORA'!$A$324 -> II.11.2 | F56: ='[4]II-COMPOSIÇÃO REDE COLETORA'!$H$323 -> 27.07 | G56: =BDI!$D$23*100 -> 26.147063 | H56: =D56*F56 -> 128095.24 | I56: =D56*F56*(100+G56)/100 -> 161588.38
A57: II.11.3 | B57: Recomposição de concreto | C57: m2 | D57: 422 | E57: ='[4]II-COMPOSIÇÃO REDE COLETORA'!$A$331 -> II.11.3 | F57: ='[4]II-COMPOSIÇÃO REDE COLETORA'!$H$330 -> 34.1 | G57: =BDI!$D$23*100 -> 26.147063 | H57: =D57*F57 -> 14390.2 | I57: =D57*F57*(100+G57)/100 -> 18152.815
A58: II.11.4 | B58: Recomposição de basalto regular e irregular | C58: m2 | D58: 120 | E58: ='[4]II-COMPOSIÇÃO REDE COLETORA'!$A$336 -> II.11.4 | F58: ='[4]II-COMPOSIÇÃO REDE COLETORA'!$H$335 -> 30.84 | G58: =BDI!$D$23*100 -> 26.147063 | H58: =D58*F58 -> 3700.8 | I58: =D58*F58*(100+G58)/100 -> 4668.4505
A59: II.11.5 | B59: Recomposição de ladrilho hidráulico | C59: m2 | D59: 180 | E59: ='[4]II-COMPOSIÇÃO REDE COLETORA'!$A$343 -> II.11.5 | F59: ='[4]II-COMPOSIÇÃO REDE COLETORA'!$H$342 -> 76.29 | G59: =BDI!$D$23*100 -> 26.147063 | H59: =D59*F59 -> 13732.2 | I59: =D59*F59*(100+G59)/100 -> 17322.767
A60: II.11.6 | B60: Recomposição de laje de gres | C60: m2 | D60: 180 | E60: ='[4]II-COMPOSIÇÃO REDE COLETORA'!$A$349 -> II.11.6 | F60: ='[4]II-COMPOSIÇÃO REDE COLETORA'!$H$348 -> 24.54 | G60: =BDI!$D$23*100 -> 26.147063 | H60: =D60*F60 -> 4417.2 | I60: =D60*F60*(100+G60)/100 -> 5572.1681
A61: II.11.7 | B61: Recomposição de grama | C61: m2 | D61: 60 | E61: ='[4]II-COMPOSIÇÃO REDE COLETORA'!$A$356 -> II.11.7 | F61: ='[4]II-COMPOSIÇÃO REDE COLETORA'!$H$355 -> 15.06 | G61: =BDI!$D$23*100 -> 26.147063 | H61: =D61*F61 -> 903.6 | I61: =D61*F61*(100+G61)/100 -> 1139.8649
A62: II.11.8 | B62: Recomposição de meio fio | C62: m2 | D62: 190 | E62: ='[4]II-COMPOSIÇÃO REDE COLETORA'!$A$360 -> II.11.8 | F62: ='[4]II-COMPOSIÇÃO REDE COLETORA'!$H$359 -> 25.51 | G62: =BDI!$D$23*100 -> 26.147063 | H62: =D62*F62 -> 4846.9 | I62: =D62*F62*(100+G62)/100 -> 6114.222
A63: II.11.9 | B63: Recomposição de base de brita graduada | C63: m3 | D63: 207 | E63: 73710 | F63: 79.38 | G63: =BDI!$D$23*100 -> 26.147063 | H63: =D63*F63 -> 16431.66 | I63: =D63*F63*(100+G63)/100 -> 20728.056
A64: II.12 | B64: MONTAGEM DE LIGAÇÕES PREDIAIS | H64: =SUM(H65) -> 487463.04 | I64: =SUM(I65) -> 614920.31
A65: 11.12.1 | B65: Ligação predial em PVC com caixa de calçada | C65: un | D65: 576 | E65: 73784/001 | F65: 846.29 | G65: =BDI!$D$23*100 -> 26.147063 | H65: =D65*F65 -> 487463.04 | I65: =D65*F65*(100+G65)/100 -> 614920.31
A66: II.13 | B66: MONTAGEM LIGAÇÕES INTRADOMICILIARES | H66: =SUM(H67:H67) -> 242104.32 | I66: =SUM(I67:I67) -> 305407.49
A67: II.13.1 | B67: Ligação predial em PVC (Intradomiciliar) da casa até a caixa de calçada | C67: un | D67: 576 | E67: 73658 | F67: 420.32 | G67: =[5]BDI!$D$23*100 -> 26.147063 | H67: =D67*F67 -> 242104.32 | I67: =D67*F67*(100+G67)/100 -> 305407.49
A68: II.13 | B68: FORNECIMENTO DE MATERIAIS
A69: II.13.1 | B69: Tubo PVC liso JE para esgoto, DN 150 mm | C69: m
A70: II.13.2 | B70: Tampão ferro fundido 83Kg, 125 TN, DN 600 articulado | C70: unid
A71: II.13.3 | B71: Módulo de base pré-moldado concreto DN 600 x 500 mm | C71: unid
A72: II.13.5 | B72: Anel de concreto PB 150 mm DN 600 mm | C72: unid
A73: II.13.6 | B73: Anel de Concreeto PB 100 mm DN 600 mm | C73: unid
A74: II.13.7 | B74: Módulo de base pré-moldado concreto DN 1000 x 750 mm | C74: unid
A75: II.13.8 | B75: Anel de base pré-moldado concreto DN 1000 x 1000 mm | C75: unid
A76: II.13.9 | B76: Anel de base pré-moldado concreto DN 1000 x 750 mm | C76: unid
A77: II.13.10 | B77: Anel de base pré-moldado concreto DN 1000 x 500 mm | C77: unid
A78: II.13.11 | B78: Anel de base pré-moldado concreto DN 1000 x 200 mm | C78: unid
A79: II.13.13 | B79: Laje excentrica MF com anéis pré-moldada DN 1000mm x 600 mm | C79: unid

Sheet BDI
A1: DEMONSTRATIVO DO BDI
A2: COMPOSIÇÃO CUSTO BDI - AQUISIÇÃO DE MATERIAIS
A4: Em atenção ao estabelecido pelo Acórdão 2622/2013 – TCU – Plenário reformamos a orientação e indicamos a utilização dos seguintes parâmetros para taxas de BDI:
E20: OBSERVAÇÕES
E21: a) Os percentuais de Impostos a serem adotados devem ser indicados pelo Tomador, conforme legislação vigente.Para o ISS, deverão ser definidos pelo Tomador, através de declaração informativa, conforme legislação tributária municipal, a base de cálculo e, sobre esta, a respectiva alíquota do ISS, que será um percentual entre 2% e 5%.
A22: Parâmetro | B22: % | C22: Verificação | D22: CÁLCULO DO BDI
A23: Administração Central | B23: 0.0493 | C23: =IF(B23<0.0343,"FORA DO LIMITE",IF(B23>0.0671,"FORA DO LIMITE","OK")) -> OK | D23: =(((1+B23+B24+B25)*(1+B26)*(1+B27))/(1-(B28+B29))-1) -> 0.26147063
A24: Seguros e Garantias | B24: 0.0049 | C24: =IF(B24<0.0028,"FORA DO LIMITE",IF(B24>0.0075,"FORA DO LIMITE","OK")) -> OK | D24: CONDIÇÃO | E24: b) As tabelas acima foram construídas sem considerar a desoneração sobre a folha de pagamento prevista na Lei n° 12.844/2013. Para análise de orçamentos considerando a contribuição previdenciária sobre a receita bruta deverá ser somada a alíquota de 2% no item impostos.
A25: Riscos | B25: 0.0139 | C25: =IF(B25<0.01,"FORA DO LIMITE",IF(B25>0.0174,"FORA DO LIMITE","OK")) -> OK | D25: =IF(C23="FORA DO LIMITE","VERIFICAR ITENS",IF(C24="FORA DO LIMITE","VERIFICAR ITENS",IF(C25="FORA DO LIMITE","VERIFICAR ITENS",IF(C26="FORA DO LIMITE","VERIFICAR ITENS",IF(C27="FORA DO LIMITE","VERIFICAR ITENS",IF(C29="FORA DO LIMITE","VERIFICAR ITENS",IF(D23<0.2076,"FORA DA FAIXA",IF(D23>0.2644,"FORA DA FAIXA","OK")))))))) -> OK
A26: Despesas Financeiras | B26: 0.0099 | C26: =IF(B26<0.0094,"FORA DO LIMITE",IF(B26>0.0117,"FORA DO LIMITE","OK")) -> OK | D26: IMPOSTOS : PIS/PASEP = 3,0 %; CONFINS = 0,65%; ISS= 2,00% ; CPRB = 2,00% | E26: c) Para o tipo de obra “Construção de Redes de Abastecimento de Água, Coleta de Esgoto e Construções Correlatas” enquadram-se: a construção de sistemas para o abastecimento de água tratada: reservatórios de distribuição, estações elevatórias de bombeamento, linhas principais de adução de longa e média distância e redes de distribuição de água; a construção de redes de coleta de esgoto, inclusive de interceptores, estações de tratamento de esgoto (ETE), estações de bombeamento de esgoto (EBE); a construção de galerias pluviais (obras de micro e macro drenagem). Esta classe compreende também: as obras de irrigação (canais); a manutenção de redes de abastecimento de água tratada; a manutenção de redes de coleta e de sistemas de tratamento de esgoto, conforme classificação 4222-7 do CNAE 2.0. Enquadra-se ainda a construção de estações de tratamento de água (ETA).
A27: Lucro | B27: 0.08 | C27: =IF(B27<0.0674,"FORA DO LIMITE",IF(B27>0.094,"FORA DO LIMITE","OK")) -> OK
A28: Impostos: PIS e COFINS | B28: 0.0565
A29: Impostos: ISS (mun.) | B29: 0.02 | C29: =IF(B29<0.02,"FORA DO LIMITE",IF(B29>0.05,"FORA DO LIMITE","OK")) -> OK
